Cogmind - Beta 14 @@@ ROGUE MODE // 2024.08.17 @ 20:03:07 Player: RedTheSorceress Result: Destroyed by P6-GOW(R) with Subdweller Machine Gun Performance ------------- Evolutions (0) 0 Regions Visited (2) 400 Robots Destroyed (35) 175 Value Destroyed (796) 796 Prototype IDs (4) 80 Alien Tech Used (0) 0 Bonus (0) 0 TOTAL SCORE: 1451 Bonus ------- None Cogmind --------- Core Integrity 0/250 Matter 124/300 Energy 152/200 System Corruption 2% Temperature Cool (0) Movement Treading (560) Ox5 Location -10/Subcaves Parts ------- > --- POWER (1) -------- Subdweller Power Source > --- PROPULSION (2) --- Light Treads Light Treads > --- UTILITY (2) ------ Humpback > --- WEAPON (2) ------- Subdweller Beam Cannon Subdweller Machine Gun (fused) > --- INVENTORY (35) --- Subdweller Power Source Light Treads Light Treads Light Treads Spiked Treads Spiked Treads Subdweller Monowheel Subdweller Monowheel Subdweller Monowheel Subdweller Monowheel Subdweller Monowheel Targeting Computer Targeting Computer Light Armor Plating Scrap Shield Subdweller Beam Cannon Subdweller Beam Cannon Light Assault Rifle Light Assault Rifle Light Assault Rifle Subdweller Machine Gun Subdweller Machine Gun Subdweller Machine Gun Subdweller Machine Gun Subdweller Machine Gun Grenade Launcher Grenade Launcher Subdweller Shrapnel Launcher Subdweller Shrapnel Launcher Makeshift Spear Scrap Shield Fragment (49) Scrap Shield Fragment (46) Scrap Shield Fragment (46) Scrap Shield Fragment (46) Peak State ------------ > --- POWER ------------ Subdweller Power Source > --- PROPULSION ------- Subdweller Monowheel Subdweller Monowheel > --- UTILITY ---------- Humpback > --- WEAPON ----------- Subdweller Beam Cannon Subdweller Machine Gun > --- INVENTORY -------- Subdweller Power Source Subdweller Power Source Light Treads Light Treads Light Treads Light Treads Light Treads Spiked Treads Subdweller Monowheel Subdweller Monowheel Subdweller Monowheel Targeting Computer Targeting Computer Light Armor Plating Scrap Shield Medium Laser Small Laser Subdweller Beam Cannon Light Assault Rifle Light Assault Rifle Light Assault Rifle Subdweller Machine Gun Subdweller Machine Gun Subdweller Machine Gun Grenade Launcher Grenade Launcher Grenade Launcher Subdweller Shrapnel Launcher Mining Laser Scrap Shield Fragment Scrap Shield Fragment Scrap Shield Fragment Scrap Shield Fragment [Rating: 17] Favorites ----------- Power Ion Engine Engine Ion Engine Propulsion Light Treads Treads Light Treads Leg Aluminum Leg Wheel Subdweller Monowheel Utility Light Armor Plating Device Improved Terrain Scanner Storage Huge Storage Unit Protection Light Armor Plating Weapon Medium Laser Energy Gun Medium Laser Energy Cannon Subdweller Beam Cannon Ballistic Gun Light Assault Rifle Launcher Subdweller Shrapnel Launcher Special Weapon Mining Laser Build | -11 -10 -10 ------- Run | Yrd Mat Sub Slots Evolved . | . . . Power . | . . . Propulsion . | . . . Utility . | . . . Weapon . | . . . Parts Attached 44 | 3 14 27 Power 4 | . . 4 Engine 4 | . . 4 Core . | . . . Reactor . | . . . Propulsion 15 | 2 3 10 Treads 9 | 2 3 4 Leg . | . . . Wheel 6 | . . 6 Hover . | . . . Flight . | . . . Utility 7 | 1 4 2 Device 1 | 1 . . Storage 2 | . 1 1 Processor . | . . . Hackware . | . . . Protection 4 | . 3 1 Artifact . | . . . Weapon 18 | . 7 11 Energy Gun . | . . . Energy Cannon 2 | . . 2 Ballistic Gun 10 | . 4 6 Ballistic Cannon . | . . . Launcher 4 | . 3 1 Special Weapon 2 | . . 2 Impact Weapon . | . . . Slashing Weapon . | . . . Piercing Weapon . | . . . Special Melee Weapon . | . . . Unidentified Prototypes . | . . . Parts Lost 3 | . . 3 Power . | . . . Propulsion . | . . . Utility 1 | . . 1 Weapon 2 | . . 2 Highest Loss Streak 1 | . . 1 To Critical Strikes . | . . . Average Slot Usage (%) 95 | . 99 92 Engine 14 | . 14 14 Treads 21 | . 27 16 Wheel 6 | . . 11 Storage 14 | . 14 14 Protection 9 | . 12 7 Energy Gun 11 | . 14 8 Energy Cannon 3 | . . 5 Ballistic Gun 13 | . 13 13 Peak Build Rating 17 | 10 10 17 Average Rating 11 | 7 8 13 On Entrance 8 | 6 10 9 Naked Turns . | . . . Heaviest Build 217 | 14 91 217 Greatest Support 40 | 40 40 40 Greatest Overweight (x) 10 | . 2 10 Average Overweight (x) 3 | . 1 3 Largest Inventory Capacity 35 | 8 25 35 Average Capacity 26 | 8 23 29 Most Carried 35 | 8 25 35 Average Carried 24 | 4 20 28 Final Capacity 35 | 8 25 35 Final Carried 35 | 8 25 35 Class Distribution -------------------- 72% | Mutant 27% | Hauler-Mutant Dominant Class ---------------- Mutant | -10/Materials Mutant | -10/Subcaves Resources | -11 -10 -10 ----------- Run | Yrd Mat Sub Matter Collected 812 | 230 170 412 Remotely . | . . . Salvage Created 1115 | 205 420 490 Parts 86 | 7 38 41 Haulers Intercepted 1 | . 1 . Recyclers Shooed 3 | 2 1 . Parts Field Recycled . | . . . Retrieved Matter . | . . . Parts Self-Destructed 10 | . . 10 Prevented . | . . . Kills | -11 -10 -10 ------- Run | Yrd Mat Sub Combat Hostiles Destroyed 24 | . 12 12 Guns 17 | . 9 8 Cannons 2 | . . 2 AOE 5 | . 3 2 Classes Destroyed 9 | 3 4 2 Worker 2 | 2 . . Tunneler 3 | 3 . . Hauler 1 | . 1 . Recycler 2 | 1 1 . Watcher 3 | . 3 . Swarmer 9 | . 9 . Grunt 5 | . 3 2 Sentry 1 | . . 1 Subdweller 9 | . . 9 Best Kill Streak 6 | 4 6 3 Combat Bots Only 3 | . 3 3 Max Kills in Single Turn 2 | 1 2 1 Gunslinging 1 | . 1 . Exploded 2 | . 2 1 Melee . | . . . Uniques/NPCs Destroyed . | . . . Combat | -11 -10 -10 -------- Run | Yrd Mat Sub Hostile Shots Fired 124 | . 60 64 Missed 34 | . 15 19 Damage Taken 1468 | . 401 1067 Core 251 | . 54 197 Absorbed by Shields . | . . . Regen/Repaired (Parts) 258 | . 258 . Core Remaining (%) 100 | 100 . . Volleys Fired 109 | 16 40 53 Largest 2 | 2 2 2 Hottest 110 | 90 90 110 Shots Fired 199 | 32 74 93 Gun 167 | 32 71 64 Cannon 19 | . . 19 Launcher 9 | . 3 6 Special 4 | . . 4 Kinetic 76 | . 31 45 Thermal 120 | 32 40 48 Explosive 3 | . 3 . Electromagnetic . | . . . Robot Hit Streak 27 | 7 13 27 Robot Miss Streak 3 | 3 3 1 Penetration Max . | . . . Secondary Targets 3 | . 2 1 Max Gunslinging Chain 1 | . 1 1 Shots Hit Robots 136 | 21 45 70 Core Hits 51 | 7 25 19 Critical Kills . | . . . Critical Parts Destroyed . | . . . Critical Strikes 6 | 2 3 1 Burn 5 | 2 3 . Destroy 1 | . . 1 Melee Attacks . | . . . Impact . | . . . Slashing . | . . . Piercing . | . . . Sneak Attacks . | . . . Combat Hostiles . | . . . Follow-up Attacks . | . . . Damage Inflicted 2363 | 245 708 1410 Guns 1349 | 245 463 641 Cannons 334 | . . 334 Explosions 631 | . 196 435 Melee . | . . . Ramming 49 | . 49 . Kinetic 1017 | . 131 886 Thermal 1101 | 245 332 524 Explosive 196 | . 196 . Electromagnetic . | . . . Impact . | . . . Slashing . | . . . Piercing . | . . . Highest Corruption 2 | . 2 2 Average Corruption 2 | . 2 2 Corruption Purged . | . . . Corruption Blocked . | . . . Effects 47 | . 5 42 Message Errors 13 | . 4 9 Matter Fused 13 | . 1 12 Heat Flow Errors 4 | . . 4 Energy Discharges 5 | . . 5 Parts Rejected 1 | . . 1 Parts Fused 1 | . . 1 Data Loss (minor) 5 | . . 5 Data Loss (major) 1 | . . 1 Misfires 2 | . . 2 Alerts 2 | . . 2 Overload Shots . | . . . Overflow Damage 5 | . 5 . Projectiles . | . . . Explosions 5 | . 5 . Melee . | . . . Knockbacks . | . . . Impact . | . . . Kinetic . | . . . Secondary . | . . . Self-Inflicted Damage . | . . . Shots . | . . . Rammed 5 | . 5 . Targets Rammed 5 | . 5 . Kicked . | . . . Crushed . | . . . Highest Temperature 256 | 130 255 256 Average Temperature 65 | 46 72 84 Received Heat Transfer 252 | . 99 153 Effects 2 | . 2 . Interference 2 | . 2 . Siege Activations . | . . . Robots Corrupted . | . . . Combat Hostiles . | . . . Parts Fried . | . . . Impact Corruptions . | . . . Robots Melted . | . . . Combat Hostiles . | . . . Parts Melted 9 | 4 4 1 Heat Transferred 3013 | 817 1197 999 Parts Sabotaged . | . . . Parts Stolen . | . . . Parts Stripped . | . . . Power Chain Reactions . | . . . Alert | -11 -10 -10 ------- Run | Yrd Mat Sub Peak Influence 222 | 30 222 . Initial 19 | . 19 . Average 47 | 11 49 . Maximum Alert Level 1 | . 1 . Low Security (%) 95 | 100 95 . Level 1 4 | . 4 . Level 2 . | . . . Level 3 . | . . . Level 4 . | . . . Level 5 . | . . . High Security . | . . . Max Security . | . . . Squads Dispatched . | . . . Investigation . | . . . Extermination . | . . . Reinforcement . | . . . Assault . | . . . Garrison . | . . . Intercept . | . . . Searches Triggered . | . . . Construction Impeded . | . . . Haulers Reinforced . | . . . Active Scanning Responses . | . . . Cargo Convoy Interrupts . | . . . Stealth | -11 -10 -10 --------- Run | Yrd Mat Sub Distress Signals . | . . . Communications Jammed . | . . . Distress Signals . | . . . Times Spotted 29 | . 15 14 Peak Tracking Total 4 | . 4 3 Tactical Retreats . | . . . Traps | -11 -10 -10 ------- Run | Yrd Mat Sub Traps Triggered 4 | . 2 2 Indirectly . | . . . Trap Hack Attempts . | . . . Triggered . | . . . Disarmed . | . . . Reprogrammed . | . . . Reused . | . . . Traps Extracted . | . . . Installed . | . . . Triggered . | . . . Machines | -11 -10 -10 ---------- Run | Yrd Mat Sub Machines Disabled 2 | . 2 . Max in Single Turn 2 | . 2 . Machines Repaired . | . . . Machines Dismantled . | . . . Machines Sabotaged . | . . . Overloaded Fab Kills . | . . . Hacking | -11 -10 -10 --------- Run | Yrd Mat Sub Machines Accessed 11 | . 9 2 Terminals 6 | . 6 . Fabricators . | . . . Repair Stations 1 | . 1 . Recycling Units 2 | . 2 . Scanalyzers . | . . . Garrison Access . | . . . Total Hacks 28 | . 25 3 Successful 16 | . 13 3 Failed 12 | . 12 . Catastrophic 1 | . 1 . Database Lockouts . | . . . Manual 5 | . 5 . Terminals 15 | . 15 . Fabricators . | . . . Repair Stations 7 | . 7 . Recycling Units 3 | . 3 . Scanalyzers . | . . . Garrison Access . | . . . Terminal Hacks 8 | . 5 3 Record 1 | . . 1 Robot Analysis 1 | . 1 . Prototype ID Bank 2 | . 2 . Open Door 1 | . . 1 Locate Traps 2 | . 2 . Release Object 1 | . . 1 Fabricator Hacks . | . . . Repair Station Hacks 7 | . 7 . Scan Component 4 | . 4 . Repair 3 | . 3 . Recycling Unit Hacks . | . . . Scanalyzer . | . . . Garrison Access Hacks . | . . . Unauthorized Hacks 1 | . 1 . Terminals 1 | . 1 . Botnet 1 | . 1 . Fabricators . | . . . Repair Stations . | . . . Recycling Units . | . . . Scanalyzers . | . . . Garrison Access . | . . . Data Cores Recovered . | . . . Used . | . . . Hacking Detections 9 | . 9 . Full Trace Events 1 | . 1 . Feedback Events . | . . . Feedback Blocked . | . . . Robot Schematics Acquired . | . . . Robots Built . | . . . Authchips . | . . . Time . | . . . Total Robot Build Rating . | . . . Part Schematics Acquired . | . . . Parts Built . | . . . Authchips . | . . . Time . | . . . Total Part Build Rating . | . . . Parts Repaired 3 | . 3 . Time 78 | . 78 . Parts Recycled . | . . . Recycled Matter . | . . . Retrieved Matter . | . . . Retrieved Components . | . . . Parts Scanalyzed . | . . . Part Schematics Acquired . | . . . Parts Damaged . | . . . Bothacking | -11 -10 -10 ------------ Run | Yrd Mat Sub Used RIF Installer . | . . . Robots Hacked . | . . . Non-combat . | . . . Combat . | . . . Robot Hacks Applied . | . . . Relay Couplers Released . | . . . Fabnet Peak Effective % . | . . . Robots Rewired . | . . . Allies Hacked . | . . . Hacks Repelled . | . . . Allies | -11 -10 -10 -------- Run | Yrd Mat Sub Total Allies . | . . . Largest Group . | . . . Highest-Rated Group . | . . . Highest-Rated Ally . | . . . Total Orders . | . . . Ally Attacks . | . . . Total Damage . | . . . Kills . | . . . Allies Corrupted . | . . . Allies Melted . | . . . Intel | -11 -10 -10 ------- Run | Yrd Mat Sub Robot Analysis Total 1 | . 1 . Derelict Logs Recovered . | . . . Drone Launches . | . . . Drone Recoveries . | . . . Exploration | -11 -10 -10 ------------- Run | Yrd Mat Sub Turns Passed 5710 | 141 2256 3313 Spaces Moved 1998 | 46 673 1279 Core . | . . . Treads 1243 | 46 673 524 Legs . | . . . Wheels 755 | . . 755 Hover . | . . . Flight . | . . . Fastest Speed 160 | 160 160 160 Average Speed 250 | 160 297 229 Slowest Speed 560 | 160 320 560 Overloaded Moves . | . . . Propulsion Burnouts . | . . . Robots Hopped . | . . . Cave-ins Triggered . | . . . Exploration Rate (%) 55 | 3 87 75 Regions Visited 2 Branch Regions 1 Pre-discovered Areas . | . . . Known Exits Taken . | . . . Unknown Exits Taken 2 | 1 1 . Scrap Searched 1 | . . 1 Spaces Dug 1 | . . 1 Terrain Destroyed 58 | . 26 32 Melee . | . . . Projectile 2 | . . 2 AOE 56 | . 26 30 Terrain Rammed . | . . . Walls Destroyed . | . . . Machines Disabled . | . . . Actions | -11 -10 -10 --------- Run | Yrd Mat Sub Total 2493 | 82 846 1565 Wait 216 | 12 88 116 Move 1996 | 45 672 1279 Hop . | . . . Pick Up 84 | 4 21 59 Fast Attach 9 | 1 6 2 Attach 7 | 2 . 5 Detach . | . . . Swap 28 | . 8 20 Drop 39 | 2 6 31 Fire 109 | 16 40 53 Melee . | . . . Ram . | . . . Kick . | . . . Crush 5 | . 5 . Escape Stasis . | . . . Rewire . | . . . Trap . | . . . Miscellaneous . | . . . Route ------- -11/Scrapyard -10/Materials (discovered 4 exits: [*Mat x2] / [*Min] / *Sub) -10/Subcaves (discovered 1 exit: [*Mat]) History --------- Turn | Location | Event 13 | -11/Scrapyard | Discovered new exit (range 2) 142 | -11/Scrapyard | Entered Materials 307 | -10/Materials | Build established: Mutant 310 | -10/Materials | Discovered new exit (range 16) 894 | -10/Materials | Discovered new exit (range 12) 1583 | -10/Materials | Discovered new exit (range 9) 1945 | -10/Materials | Discovered new exit (range 15) 2064 | -10/Materials | Repaired Lgt. Armor Plating 2091 | -10/Materials | Repaired Lgt. Treads 2119 | -10/Materials | Repaired Lgt. Treads 2398 | -10/Materials | Entered Subcaves 2679 | -10/Subcaves | Discovered new exit (range 15) 2875 | -10/Subcaves | Core integrity fell below 50% 3777 | -10/Subcaves | Shifting Twisted Machinery released Sub. Monowheel 4274 | -10/Subcaves | Shifting Twisted Machinery released Sub. Machine Gun 4415 | -10/Subcaves | Shifting Twisted Machinery released Flamer 4428 | -10/Subcaves | Shifting Twisted Machinery released Sub. Optics 4435 | -10/Subcaves | Build established: Hauler-Mutant 5106 | -10/Subcaves | Core integrity fell below 20% 5711 | -10/Subcaves | Destroyed by P6-GOW(R) with Subdweller Machine Gun Last Messages --------------- 05313_ Acquired Sub. Machine Gun. 05319_ Dropped Sub. Beam Cannon. 05319_ Acquired Sub. Beam Cannon. 05322_ Dropped Broken Sub. Monowheel. 05322_ Acquired Sub. Beam Cannon. 05347_ System corrupted: Energy discharge (-42). 05355_ Sub. Power Source shoots sparks and powers down. 05373_ System corrupted: Matter fused (-8). 05423_ System corrupted: Matter fused (-5). 05460_ System corrupted: Heat flow error (+164). 05669_ ZT-OIT(R) destroyed. 05672_ Acquired 57 matter. 05673_ Dropped Sml. Laser. 05674_ Dropped Med. Laser. 05678_ Acquired Sub. Monowheel. 05680_ Acquired Sub. Power Source. 05683_ Dropped Mining Laser. 05683_ Acquired Sub. Machine Gun. 05685_ HKRANX8VEEP6Z&=12XFIVDC,V Map ----- +----------------------------------------------------+ | ?????????????????????????????????????????????????? | | ?????????????????????????????????????????????????? | | ?????????????????????????????????????????????????? | | ?????????????????????????????????????????????????? | | ?????????????????????????????????????????????????? | | ?????????????????????????????????????????????????? | | ?????????????????????????????????????????????????? | | ?????????????????????????????????????????????????? | | ?????????????????????????????????????????????????? | | ?????????????????????????????????????????????????? | | ?????????????????????????????????????????????????? | | ?????????????????????????????????????????????????? | | ???????####????#####?????????????????????????????? | | ###???# #????# ##?####???????????????????????? | | ##?# #????# ### ##??????###?????????????? | | ## #?????# " #?#####""#?????????????? | | #?????## "### """""#?????????????? | | ###?????# " "##?????????????? | | #####???????# | =""" ###??????????????? | | #####?????##### ![######????????????????? | | # ## #????## ## !##?????????????????????? | | ### ##??## [##?????????????????????? | | #?## #### ##???????"""#?????????? | | #??## ## #### #?????????? | | #???# #### #??????????????? | | #??# ##??##@ #???????????????? | | ##??## ##???##R ##???????????????? | | ???### #????# #????????????????? | | ??## ## #???# ##????????????????? | | ### #######??? ##?????????????????? | | ## ##???????? ##??????????????????? | | #### #???????? #???????????????????? | | ### ##???????? ####???????????????????? | | ## ##?### ???? ???????????????????????? | | ## ??? ???????????????????????? | | ## ??? ???????????????????????? | | #### ??? ???????????????????????? | | ???# ###????? ???????????????????????? | | ???# ##??????? ???????????????????????? | | ???# ######?????? ????????????????????????? | | ??## ##?###?????# ????????????????????????? | | ?## ### ##??## ????????????????????????? | | ?# ## ### ????????????????????????? | | ?# ### ## ??????????????????????????? | | ?# ### ## #???????????????????????????? | | ?## ## #????????????????????????????? | | ??## ## #????????????????????????????? | | ???# ## #????????????????????????????? | | ???## " #????????????????????????????? | | ????##### #????????????????????????????? | +----------------------------------------------------+ Best States ------------- Heat Dissipation 25 Energy Generation 15 Energy Capacity 250 Matter Stores 300 Matter Capacity 300 Sight Range 16 Terrain Scan Range 16 Terrain Scan Density 10 Armor Coverage 150 Evasion (%) 40 Recoil Reduction 2 Item Schematics ----------------- None Robot Schematics ------------------ None Fabricated ------------ Nothing Alien Tech Used ----------------- None Achievements -------------- None Challenges ------------ None Game ------ Seed MolecularColdWheel Manual? 0 Play Time 00:33:49 Cumulative 802.4 hours Start 2024.08.17 @ 19:32:33 End 2024.08.17 @ 20:03:07 Sessions 1 Manual Loads 0 Difficulty Rogue Special Mode None Game No. 531 Rogue 531 Adventurer 0 Explorer 0 Win Type - Total 115 Types 79/7/8/10/5/1/4/0/1 Lore% 72 Gallery% 81 Achievement% 82 Wizard Run 0 Options --------- Layout 1 ASCII 0 Keyboard 0 Movement Numpad Keybinds 0 Fullscreen 1 Font 24/Terminus Map View 50x35 Zoom Use 0% Tactical HUD 1 Map Filters NONE Filters NONE Steam 1 RUN: 39eb4ffe-1051-49fd-8953-102ae87dcd70